 Dungeon Crawl Stone Soup version 0.25-a0-1119-g28b6fd0c3b (webtiles) character file.

Game seed: 5399695579504540930, levelgen mode: deterministic

123 Esekla the Magician (level 5, -2/33 HPs)
             Began as an Octopode Wizard on May 17, 2020.
             Slain by an orc
             ... wielding a +0 trident
              (5 damage)
             ... on level 5 of the Dungeon.
             The game lasted 00:11:19 (1845 turns).

Esekla the Magician (Octopode Wizard)               Turns: 1845, Time: 00:11:20

Health: -2/33      AC:  3    Str:  7    XL:     5   Next: 7%
Magic:  1/11       EV: 13    Int: 21    God:
Gold:   140        SH:  0    Dex: 10    Spells: 3/12 levels left

rFire    . . .     SeeInvis .   e - +0 short sword
rCold    . . .     Gourm    .   (no shield)
rNeg     . . .     Faith    .   l - +2 hat
rPois    .         Spirit   .   (no amulet)
rElec    .         Reflect  .   (no ring)
rCorr    .         Harm     .   (no ring)
MR       .....                  (no ring)
Stlth    +++.......             (no ring)
HPRegen  0.11/turn              (no ring)
MPRegen  0.12/turn              (no ring)
                                (no ring)
                                (no ring)

@: berserk cooldown, slowed, very slow
A: almost no armour, stealthy swim, amphibious, 8 rings, constrict 8, camouflage
1, gelatinous body 1
a: no special abilities


You were on level 5 of the Dungeon.
You were hungry.

You visited 1 branch of the dungeon, and saw 5 of its levels.

You collected 140 gold pieces.

Inventory:

Hand Weapons
 e - a +0 short sword (weapon)
Armour
 l - a +2 hat (worn)
Jewellery
 f - an uncursed amulet of faith
Scrolls
 b - 2 scrolls of teleportation
 d - a scroll of blinking {unknown}
 g - a scroll of enchant armour {unknown}
 j - a scroll of immolation {unknown}
 k - a scroll of identify {unknown}
 m - a scroll of remove curse {unknown}
Potions
 a - a potion of flight
 i - a potion of degeneration {unknown}
 n - a potion of heal wounds {unknown}
Comestibles
 c - 2 rations


   Skills:
 * Level 1.0 Fighting
 + Level 0.4 Short Blades
 + Level 2.2 Dodging
 - Level 2.6 Stealth
 * Level 4.2 Spellcasting
 + Level 1.4 Conjurations
   Level 1.0 Summonings
 * Level 1.6 Translocations
 * Level 1.0 Air Magic
 * Level 1.4 Poison Magic


You had 3 spell levels left.
You knew the following spells:

 Your Spells              Type           Power        Failure   Level  Hunger
a - Magic Dart            Conj           ##..         6%          1    None
b - Blink                 Tloc           N/A          9%          2    #......
c - Mephitic Cloud        Conj/Pois/Air  #.......     21%         3    ###....
f - Conjure Flame         Conj/Fire      #.......     26%         3    ###....

Your spell library contained the following spells:

 Spells                   Type           Power        Failure   Level  Hunger
 Call Imp                 Summ           #.......     12%         2    #......
 Slow                     Hex            #.......     19%         2    #......


Dungeon Overview and Level Annotations

Branches:
Dungeon (6/15)
 Temple: D:4-7

Altars:
Dithmenos

Annotations:
D:2 Jessica


Innate Abilities, Weirdness & Mutations

You cannot wear most types of armour.
You are very stealthy in the water. (Stealth+)
You are amphibious.
You can wear up to eight rings at the same time.
You can use your tentacles to constrict eight enemies at once.
Your skin changes colour to match your surroundings (Stealth+).
Your rubbery body absorbs attacks. (AC +1, EV +1)


Message History

Aiming: Magic Dart (safe; 6% risk of failure)
Press: ? - help, Shift-Dir - straight line, f/p - orc
Aim: an orc, wielding a +0 flail (moderately wounded)
The magic dart hits the orc.
The orc is almost dead.
You are starting to lose your buoyancy.
You hit the orc.
You kill the orc!
Your Air Magic skill increases to level 1!
Casting: Magic Dart (safe; 6% risk of failure)
Confirm with . or Enter, or press ? or * to list all spells.
Aiming: Magic Dart (safe; 6% risk of failure)
Press: ? - help, Shift-Dir - straight line, f - orc
Aim: an orc, wielding a +0 trident and wearing a +0 chain mail The magic dart hits the orc.
The orc is lightly wounded.
The orc closely misses you.
Okay, then.
You float gracefully downwards.
The orc hits you with a +0 trident.
You die...

#................#
#................+
+##.##..####.##.##
.##.##..####.##.# #
..............#.. ..
..............+...
#.$###########...##..##
##..##..).###+####..#
#.......o@.# ...#
#.....)....#
#..........#
##..#..#..## #######..#
..... #...... #.......
......


You could see an orc.

Vanquished Creatures
  A hound (D:6)
  A bullfrog skeleton (D:5)
  A worker ant (D:5)
  An ooze (D:5)
  A dart slug (D:1)
  2 leopard geckos
  4 orcs (D:5)
  6 bats
  A giant cockroach (D:1)
  A goblin (D:3)
  3 hobgoblins (D:1)
  3 kobolds
  2 frilled lizards (D:1)
  4 rats
31 creatures vanquished.

Notes
Turn   | Place    | Note
-------+----------+-------------------------------------------
     0 | D:1      | Esekla the Octopode Wizard began the quest for the Orb.
     0 | D:1      | Reached XP level 1. HP: 11/11 MP: 4/4
   605 | D:1      | Reached XP level 2. HP: 17/17 MP: 1/6
   610 | D:1      | Learned a level 2 spell: Blink
  1127 | D:2      | Noticed Jessica
  1364 | D:3      | Reached XP level 3. HP: 13/22 MP: 4/8
  1414 | D:3      | Learned a level 3 spell: Mephitic Cloud
  1418 | D:3      | Learned a level 3 spell: Conjure Flame
  1452 | D:3      | You fall into a shaft and drop 3 floors!
  1483 | D:6      | Reached XP level 4. HP: 21/27 MP: 0/9
  1566 | D:5      | Entered Level 5 of the Dungeon
  1576 | D:5      | Reached skill level 4 in Spellcasting
  1576 | D:5      | Reached skill level 1 in Poison Magic
  1740 | D:5      | Found a shadowy altar of Dithmenos.
  1740 | D:5      | Noticed a shadow
  1819 | D:5      | Reached skill level 1 in Fighting
  1821 | D:5      | Reached XP level 5. HP: 8/33 MP: 2/11
  1842 | D:5      | Reached skill level 1 in Air Magic
  1845 | D:5      | Slain by an orc

Illustrated notes

Levels and vault maps discovered:
D:1:      heliophobic_arrival_glass_houses, layout_loops_corners
D:2:      layout_rooms, chequers_ecumenical_altar_simple, uniq_jessica
D:3:      layout_basic, makhleb_heckhound_becter
D:5:      layout_gridville, riverfiend_overflow_shadow_ancestor,
          grunt_temple_overflow_open, first_ration, minmay_misc_feat_rows
D:6:      layout_basic

Skill      XL: |  1  2  3  4  5 |
---------------+----------------+-----
Spellcasting   | 4 |  4.2
Poison Magic   | 1 |  1.4
Fighting       | 1 |  1.0
Air Magic      | 1 |  1.0
Short Blades   | |  0.4
Dodging        | |  2.2
Stealth        | |  2.6
Conjurations   | |  1.4
Summonings     | |  1.0
Translocations | |  1.6

Action                   |  1- 3 |  4- 6 || total
-------------------------+-------+-------++-------
Melee: Short sword       |    37 |    21 ||    58
       Constrict         |    13 |     5 ||    18
       Unarmed           |     2 |       ||     2
       Tentacles         |     4 |     2 ||     6
 Cast: Magic Dart        |    33 |    20 ||    53
       Blink             |       |     1 ||     1
  Use: Potion            |       |     2 ||     2
       Scroll            |       |     1 ||     1
 Stab: Sleeping          |     4 |       ||     4
  Eat: Chunk             |     1 |     1 ||     2
Armor: Skin              |    14 |     2 ||    16
Dodge: Dodged            |    35 |    16 ||    51

Table legend:
 A = Non-vault XP
 B = Vault XP
 C = Vault XP percentage of total XP
 D = Non-vault monster count
 E = Vault monster count
 F = Vault count percentage of total count
                 A         B        C        D         E       F
            +---------+---------+-------+---------+---------+-------
      Total |     176 |       0 |   0.0 |      31 |       0 |   0.0
            +---------+---------+-------+---------+---------+-------
        D:1 |      22 |       0 |   0.0 |      13 |       0 |   0.0
        D:2 |      10 |       0 |   0.0 |       6 |       0 |   0.0
        D:3 |       8 |       0 |   0.0 |       4 |       0 |   0.0
        D:5 |      93 |       0 |   0.0 |       7 |       0 |   0.0
        D:6 |      43 |       0 |   0.0 |       1 |       0 |   0.0
            +---------+---------+-------+---------+---------+-------
